General information
- name: BNet
- type: Ladder team game (AT/RT)
- host: Battle.net
- saver: BEAR_AND
map: Wetlands
- players: 4
- length: 25:11
- speed: Fast
- version: 1.26 W3XP
- replay type:

» download(172 KB)
Players
team 1 (winner)
BEAR_AND (
green | 120 APM | 3024 actions | 25:11)
4 Archmage
2 Blizzard
2 Brilliance Aura
3 Mountain King
2 Storm Bolt
1 Bash
1 Paladin
1 Holy Light
» actions
| Assign group hotkey | 14 | |
| Basic commands | 2 | |
| Build / train | 112 | |
| Enter build submenu | 68 | |
| Enter hero's abilities submenu | 8 | |
| Give item / drop item | 3 | |
| Right click | 1846 | |
| Select / deselect | 452 | |
| Select group hotkey | 310 | |
| Use ability | 209 | |
3024 total
» units
» upgrades
| Masonry | 2 | |
| Lumber Harvesting | 2 | |
| Magic Sentry | 1 | |
| Priest Training | 1 | |
| Gunpowder | 1 | |
7 total
» buildings
| Altar of Kings | 1 | |
| Farm | 5 | |
| Lumber Mill | 1 | |
| Scout Tower | 73 | |
| Arcane Tower | 6 | |
| Guard Tower | 30 | |
| Keep | 6 | |
| Arcane Vault | 2 | |
| Arcane Sanctum | 1 | |
| Town Hall | 1 | |
| Castle | 4 | |
| Blacksmith | 1 | |
| Workshop | 1 | |
132 total
» build order
00:17 Altar of Kings
00:27 Farm
00:36 Lumber Mill
00:44 Farm
01:01 Scout Tower
01:03 Scout Tower
01:26 Scout Tower
01:47 Arcane Tower
01:54 Scout Tower
02:08 Guard Tower
02:15 Scout Tower
02:24 Guard Tower
02:25 Scout Tower
02:35 Scout Tower
02:54 Scout Tower
02:56 Scout Tower
02:57 Guard Tower
03:10 Guard Tower
03:12 Scout Tower
03:24 Guard Tower
03:25 Keep
03:25 Keep
03:33 Keep
03:33 Keep
03:41 Guard Tower
04:04 Guard Tower
04:19 Arcane Vault
06:07 Farm
06:08 Farm
06:12 Scout Tower
06:13 Scout Tower
06:14 Scout Tower
06:16 Scout Tower
06:16 Scout Tower
06:17 Scout Tower
06:58 Scout Tower
06:59 Scout Tower
06:59 Scout Tower
07:01 Arcane Tower
07:01 Guard Tower
07:09 Guard Tower
07:09 Guard Tower
07:42 Farm
07:45 Guard Tower
07:48 Scout Tower
07:49 Scout Tower
07:49 Scout Tower
07:50 Scout Tower
07:50 Scout Tower
07:51 Scout Tower
08:18 Guard Tower
08:33 Guard Tower
08:42 Scout Tower
08:43 Guard Tower
08:48 Arcane Sanctum
09:12 Guard Tower
09:37 Arcane Tower
10:56 Town Hall
11:03 Scout Tower
12:04 Guard Tower
12:42 Castle
12:42 Castle
12:42 Castle
13:37 Scout Tower
13:39 Scout Tower
13:40 Scout Tower
13:40 Scout Tower
13:42 Scout Tower
13:49 Scout Tower
13:49 Scout Tower
13:50 Scout Tower
13:50 Scout Tower
14:10 Guard Tower
14:14 Scout Tower
14:15 Scout Tower
14:16 Scout Tower
14:16 Scout Tower
14:19 Scout Tower
14:20 Guard Tower
14:48 Scout Tower
14:49 Scout Tower
14:50 Scout Tower
14:51 Scout Tower
14:57 Scout Tower
14:58 Scout Tower
14:59 Scout Tower
15:02 Scout Tower
15:03 Scout Tower
15:05 Guard Tower
15:07 Guard Tower
15:07 Guard Tower
15:07 Guard Tower
15:28 Guard Tower
15:30 Arcane Vault
16:40 Guard Tower
16:40 Guard Tower
17:57 Guard Tower
18:44 Guard Tower
19:16 Scout Tower
19:17 Scout Tower
19:20 Scout Tower
19:20 Scout Tower
20:56 Arcane Tower
20:57 Guard Tower
21:01 Arcane Tower
21:02 Guard Tower
21:45 Blacksmith
24:17 Scout Tower
24:18 Scout Tower
24:19 Scout Tower
24:19 Scout Tower
24:20 Scout Tower
24:20 Scout Tower
24:21 Scout Tower
24:21 Scout Tower
24:22 Scout Tower
24:22 Scout Tower
24:43 Workshop
24:49 Scout Tower
24:50 Scout Tower
24:51 Scout Tower
24:52 Scout Tower
24:53 Scout Tower
24:53 Scout Tower
24:55 Scout Tower
24:55 Scout Tower
24:56 Scout Tower
» items
| Healing Salve | 3 | |
| Lesser Clarity Potion | 4 | |
| Boots of Speed | 2 | |
| Staff of Teleportation | 2 | |
| Orb of Lightning | 2 | |
| Potion of Healing | 2 | |
| Staff of Sanctuary | 4 | |
| Potion of Mana | 1 | |
20 total
JAEdong420 (
red | 121 APM | 3034 actions | 25:08)
6 Blademaster
3 Wind Walk
2 Critical Strike
1 Bladestorm
» actions
| Assign group hotkey | 19 | |
| Basic commands | 27 | |
| Build / train | 76 | |
| Enter build submenu | 32 | |
| Enter hero's abilities submenu | 7 | |
| Give item / drop item | 2 | |
| Right click | 1910 | |
| Select / deselect | 215 | |
| Select group hotkey | 653 | |
| Use ability | 93 | |
3034 total
» units
» upgrades
| Spiked Barricades | 1 | |
| Liquid Fire | 1 | |
| Reinforced Defenses | 1 | |
| Ranged Weapons | 3 | |
| Armor | 1 | |
| Troll Regeneration | 1 | |
8 total
» buildings
| Altar of Storms | 1 | |
| Orc Burrow | 4 | |
| Voodoo Lounge | 1 | |
| War Mill | 1 | |
| Watch Tower | 18 | |
| Stronghold | 3 | |
| Beastiary | 2 | |
| Fortress | 1 | |
| Great Hall | 1 | |
| Barracks | 1 | |
33 total
» build order
00:08 Altar of Storms
00:18 Orc Burrow
00:38 Voodoo Lounge
01:02 War Mill
02:16 Watch Tower
02:26 Watch Tower
03:11 Watch Tower
03:28 Watch Tower
03:29 Watch Tower
04:11 Stronghold
04:11 Stronghold
05:07 Orc Burrow
05:15 Watch Tower
05:25 Watch Tower
05:26 Watch Tower
06:34 Beastiary
06:42 Beastiary
06:44 Fortress
06:49 Orc Burrow
07:05 Watch Tower
07:08 Watch Tower
07:36 Watch Tower
07:37 Watch Tower
08:32 Watch Tower
11:16 Orc Burrow
12:50 Watch Tower
12:51 Watch Tower
12:52 Watch Tower
13:58 Watch Tower
14:07 Great Hall
14:22 Watch Tower
18:24 Barracks
» items
| Healing Salve | 4 | |
| Lesser Clarity Potion | 8 | |
| Scroll of Speed | 1 | |
| Staff of Teleportation | 1 | |
| Boots of Speed | 1 | |
| Dust of Appearance | 1 | |
| Orb of Lightning | 1 | |
| Scroll of Regeneration | 1 | |
| Scroll of Town Portal | 1 | |
19 total
team 2 (loser)
EG.Adol (
teal | 152 APM | 3829 actions | 25:08)
4 Demon Hunter
2 Mana Burn
2 Evasion
4 Pandaren Brewmaster
2 Breath of Fire
2 Drunken Brawler
» actions
| Assign group hotkey | 37 | |
| Basic commands | 2 | |
| Build / train | 108 | |
| ESC pressed | 31 | |
| Enter build submenu | 33 | |
| Enter hero's abilities submenu | 9 | |
| Give item / drop item | 2 | |
| Remove unit from queue | 11 | |
| Right click | 1980 | |
| Select / deselect | 721 | |
| Select group hotkey | 713 | |
| Use ability | 182 | |
3829 total
» units
| Wisp | 32 | |
| Archer | 8 | |
| Dryad | 11 | |
| Glaive Thrower | 2 | |
| Druid of the Claw | 2 | |
55 total
» upgrades
| Druid of the Claw Training | 2 | |
| Well Spring | 1 | |
| Strength of the Wild | 1 | |
4 total
» buildings
| Altar of Elders | 1 | |
| Moon Well | 7 | |
| Ancient of War | 1 | |
| Tree of Ages | 3 | |
| Hunter's Hall | 1 | |
| Ancient of Wonders | 1 | |
| Ancient of Lore | 3 | |
| Tree of Eternity | 2 | |
| Ancient of Wind | 1 | |
| Tree of Life | 2 | |
| Ancient Protector | 11 | |
33 total
» build order
00:09 Altar of Elders
00:18 Moon Well
00:27 Ancient of War
01:35 Moon Well
02:41 Tree of Ages
02:41 Tree of Ages
02:41 Tree of Ages
03:18 Hunter's Hall
03:41 Ancient of Wonders
05:17 Moon Well
05:49 Moon Well
06:03 Ancient of Lore
08:36 Tree of Eternity
08:36 Tree of Eternity
09:37 Ancient of Wind
10:28 Moon Well
10:58 Moon Well
11:12 Moon Well
12:07 Tree of Life
12:14 Ancient Protector
12:24 Ancient Protector
13:39 Ancient Protector
13:47 Ancient Protector
13:55 Ancient Protector
14:14 Ancient Protector
15:08 Ancient of Lore
18:21 Ancient of Lore
19:17 Ancient Protector
19:19 Ancient Protector
19:26 Ancient Protector
19:47 Ancient Protector
20:54 Tree of Life
21:05 Ancient Protector
» items
| Boots of Speed | 3 | |
| Circlet of Nobility | 1 | |
| Dust of Appearance | 1 | |
| Staff of Preservation | 3 | |
| Potion of Lesser Invulnerability | 1 | |
| Orb of Venom | 3 | |
| Orb of Fire | 1 | |
13 total

»
toromaster (
pink | 84 APM | 2106 actions | 24:59)
7 Archmage
2 Summon Water Elemental
3 Brilliance Aura
2 Blizzard
» actions
| Assign group hotkey | 30 | |
| Basic commands | 18 | |
| Build / train | 72 | |
| ESC pressed | 7 | |
| Enter build submenu | 49 | |
| Enter hero's abilities submenu | 6 | |
| Give item / drop item | 2 | |
| Remove unit from queue | 2 | |
| Right click | 852 | |
| Select / deselect | 579 | |
| Select group hotkey | 377 | |
| Use ability | 112 | |
2106 total
» units
| Peasant | 11 | |
| Footman | 10 | |
| Mortar Team | 3 | |
| Siege Engine | 4 | |
28 total
» upgrades
| Defend | 1 | |
| Lumber Harvesting | 1 | |
| Fragmentation Shards | 1 | |
| Barrage | 2 | |
| Plating | 1 | |
6 total
» buildings
| Farm | 10 | |
| Altar of Kings | 1 | |
| Barracks | 2 | |
| Scout Tower | 8 | |
| Arcane Vault | 1 | |
| Arcane Tower | 6 | |
| Keep | 1 | |
| Blacksmith | 1 | |
| Lumber Mill | 1 | |
| Castle | 1 | |
| Workshop | 4 | |
| Guard Tower | 2 | |
| Town Hall | 2 | |
40 total
» build order
00:19 Farm
00:21 Altar of Kings
00:31 Barracks
00:41 Farm
01:35 Scout Tower
01:50 Arcane Vault
02:04 Farm
02:10 Arcane Tower
02:10 Arcane Tower
02:10 Arcane Tower
02:11 Arcane Tower
03:11 Farm
03:17 Farm
04:01 Scout Tower
04:32 Arcane Tower
05:19 Barracks
05:52 Keep
09:11 Blacksmith
09:51 Lumber Mill
10:49 Castle
10:52 Workshop
10:55 Workshop
11:25 Farm
11:36 Scout Tower
11:39 Scout Tower
11:43 Scout Tower
11:45 Scout Tower
12:11 Farm
12:12 Farm
12:21 Guard Tower
12:37 Scout Tower
13:22 Guard Tower
16:24 Workshop
16:26 Workshop
17:33 Farm
18:52 Scout Tower
19:28 Town Hall
19:57 Farm
20:43 Town Hall
» items
| Scroll of Regeneration | 7 | |
| Lesser Clarity Potion | 2 | |
| Dust of Appearance | 2 | |
| Tome of Retraining | 1 | |
| Potion of Lesser Invulnerability | 3 | |
| Boots of Speed | 1 | |
16 total
Chat log
(00:27 / All) JAEdong420: hi and good luck and have fun
(13:21 / All) BEAR_AND: hehe
(13:21 / All) JAEdong420: lol
(25:03 / All) JAEdong420: gg
(25:06 / All) BEAR_AND: hacking shitlords
(25:07 / All) EG.Adol: gg